3AAA
WARWICK HUNCHBACKS @ LÉVIS ROCKS
05/29/2018
 
TOP OF THE 1ST
Warwick Hunchbacks batting - Pitching for Lévis Rocks : LHP Michael Fields
Pitching: LHP Michael Fields
Batting: RHB Mike O'Brien 0-0: Ground out 5-3 (Groundball, 5S)
Batting: RHB José Reyes 0-0: Called Strike
0-1: Ball
1-1: Ball
2-1: Foul Ball, location: 2F
2-2: Fly out, F5 (Line Drive, 5L)
Batting: RHB Steve Brewer 0-0: Fly out, F9 (Line Drive, 89S)
Top of the 1st over - 0 run(s), 0 hit(s), 0 error(s), 0 left on base; Warwick 0 - Lévis 0
BOTTOM OF THE 1ST
Lévis Rocks batting - Pitching for Warwick Hunchbacks : RHP Willie Cameron
Pitching: RHP Willie Cameron
Batting: LHB Edward Carlson 0-0: Ball
1-0: Called Strike
1-1: Fly out, F8 (Flyball, 8LXD)
Batting: RHB Raúl Valadez 0-0: Foul Ball, location: 2F
0-1: SINGLE (Line Drive, 6)
Batting: RHB Jim Unknown 0-0: Ball
1-0: Ball
2-0: Ball
3-0: Called Strike
3-1: Fly out, F4 (Popup, 4D)
Batting: RHB Jim Unknown 0-0: Ball
1-0: Ball
Wild Pitch!
Raúl Valadez to second
2-0: Foul Ball, location: 2F
2-1: Ground out 4-3 (Groundball, 4)
Bottom of the 1st over - 0 run(s), 1 hit(s), 0 error(s), 1 left on base; Warwick 0 - Lévis 0
TOP OF THE 2ND
Warwick Hunchbacks batting - Pitching for Lévis Rocks : LHP Michael Fields
Batting: SHB Gregg Wagner 0-0: Ball
1-0: Ball
2-0: Ball
3-0: Called Strike
3-1: Base on Balls
Batting: RHB Jim Browning 0-0: Fly out, F8 (Flyball, 8LXD)
Batting: LHB Ted Cracknell 0-0: Ball
1-0: Ball
2-0: Ball
3-0: Called Strike
3-1: Called Strike
3-2: Foul Ball, location: 2F
3-2: Base on Balls
Gregg Wagner to second
Batting: RHB Julián Rocha 0-0: Fly out, F8 (Flyball, 8RS)
Batting: RHB Octávio Castaneda 0-0: Ground out 6-3 (Groundball, 6MS)
Top of the 2nd over - 0 run(s), 0 hit(s), 0 error(s), 2 left on base; Warwick 0 - Lévis 0
BOTTOM OF THE 2ND
Lévis Rocks batting - Pitching for Warwick Hunchbacks : RHP Willie Cameron
Batting: RHB Nectanebos Dolenian 0-0: Ball
1-0: Called Strike
1-1: Foul Ball, location: 2F
1-2: Ball
2-2: Foul Ball, location: 2F
2-2: Strikes out swinging
Batting: RHB Jimmy Allen 0-0: Foul Ball, location: 2F
0-1: Ball
1-1: Ball
2-1: Fly out, F3 (Popup, 13)
Batting: RHB Jim Unknown 0-0: Foul Ball, location: 2F
0-1: Ball
1-1: Fly out, F8 (Flyball, 8RD)
Bottom of the 2nd over - 0 run(s), 0 hit(s), 0 error(s), 0 left on base; Warwick 0 - Lévis 0
TOP OF THE 3RD
Warwick Hunchbacks batting - Pitching for Lévis Rocks : LHP Michael Fields
Batting: LHB Luis Robles 0-0: Foul Ball, location: 2F
0-1: Ball
1-1: Fly out, F8 (Flyball, 8LS)
Batting: RHB Mike O'Brien 0-0: Foul Ball, location: 2F
0-1: Ball
1-1: Called Strike
1-2: Fly out, F8 (Flyball, 89D)
Batting: RHB José Reyes 0-0: Foul Ball, location: 2F
0-1: Ball
1-1: Ball
2-1: Ball
3-1: Base on Balls
Batting: RHB Steve Brewer 0-0: Ball
1-0: Swinging Strike
1-1: Foul Ball, location: 2F
1-2: Foul Ball, location: 2F
1-2: Foul Ball, location: 2F
1-2: Ball
2-2: Fly out, F9 (Popup, 4D)
Top of the 3rd over - 0 run(s), 0 hit(s), 0 error(s), 1 left on base; Warwick 0 - Lévis 0
BOTTOM OF THE 3RD
Lévis Rocks batting - Pitching for Warwick Hunchbacks : RHP Willie Cameron
Batting: RHB Jim Unknown 0-0: Foul Ball, location: 2F
0-1: Foul Ball, location: 2F
0-2: Ground out 5-3 (Groundball, 56)
Batting: RHB Jim Unknown 0-0: Called Strike
0-1: Ball
1-1: Called Strike
1-2: Strikes out swinging
Batting: LHB Edward Carlson 0-0: Ball
1-0: Ball
2-0: Called Strike
2-1: Swinging Strike
2-2: Ball
3-2: Base on Balls
Batting: RHB Raúl Valadez 0-0: Ball
1-0: Ball
2-0: Ball
3-0: Base on Balls
Edward Carlson to second
Batting: RHB Jim Unknown 0-0: Fly out, F3 (Popup, 3F)
Bottom of the 3rd over - 0 run(s), 0 hit(s), 0 error(s), 2 left on base; Warwick 0 - Lévis 0
TOP OF THE 4TH
Warwick Hunchbacks batting - Pitching for Lévis Rocks : LHP Michael Fields
Batting: SHB Gregg Wagner 0-0: Called Strike
0-1: Ball
1-1: Swinging Strike
1-2: Ball
2-2: Ball
3-2: Fly out, F4 (Popup, 13)
Batting: RHB Jim Browning 0-0: Called Strike
0-1: Swinging Strike
0-2: Strikes out swinging
Batting: LHB Ted Cracknell 0-0: Ball
1-0: Called Strike
1-1: Ball
2-1: Fly out, F7 (Flyball, 78M)
Top of the 4th over - 0 run(s), 0 hit(s), 0 error(s), 0 left on base; Warwick 0 - Lévis 0
BOTTOM OF THE 4TH
Lévis Rocks batting - Pitching for Warwick Hunchbacks : RHP Willie Cameron
Batting: RHB Jim Unknown 0-0: Ball
1-0: Ball
2-0: Swinging Strike
2-1: Foul Ball, location: 2F
2-2: Ball
3-2: Base on Balls
Batting: RHB Nectanebos Dolenian 0-0: Ball
1-0: Foul Ball, location: 2F
1-1: Foul Ball, location: 2F
1-2: Foul Ball, location: 2F
1-2: Strikes out swinging
Batting: RHB Jimmy Allen 0-0: Ball
1-0: Ball
2-0: Fly out, F8 (Flyball, 8LD)
Batting: RHB Jim Unknown 0-0: Foul Ball, location: 2F
0-1: Foul Ball, location: 2F
0-2: Ball
1-2: Strikes out looking
Bottom of the 4th over - 0 run(s), 0 hit(s), 0 error(s), 1 left on base; Warwick 0 - Lévis 0
TOP OF THE 5TH
Warwick Hunchbacks batting - Pitching for Lévis Rocks : LHP Michael Fields
Batting: RHB Julián Rocha 0-0: Fly out, F9 (Flyball, 89S)
Batting: RHB Octávio Castaneda 0-0: Foul Ball, location: 2F
0-1: Ball
1-1: Bunted foul
1-2: Ball
2-2: Foul Ball, location: 2F
2-2: Foul Ball, location: 2F
2-2: Ball
3-2: DOUBLE (Flyball, 78D)
Batting: LHB Luis Robles 0-0: Ball
1-0: Ball
2-0: Ball
3-0: Called Strike
3-1: Foul Ball, location: 2F
3-2: Foul Ball, location: 2F
3-2: Base on Balls
Batting: RHB Mike O'Brien 0-0: SINGLE (Line Drive, 89S)
Octávio Castaneda to third
Luis Robles to second
Runner from 3rd tries for Home, SAFE, throw made home
Luis Robles to third
Mike O'Brien to second
Batting: RHB José Reyes 0-0: Ball
1-0: Ball
2-0: Ball
3-0: Base on Balls
Batting: RHB Steve Brewer 0-0: Ball
1-0: Ball
2-0: Fly out, F4 (Popup, 4S)
Batting: SHB Gregg Wagner 0-0: GRAND SLAM HOME RUN (Flyball, 7LD), Distance : 356 ft
Batting: RHB Jim Browning 0-0: Ball
1-0: Fly out, F3 (Popup, 23F)
Top of the 5th over - 5 run(s), 3 hit(s), 0 error(s), 0 left on base; Warwick 5 - Lévis 0
BOTTOM OF THE 5TH
Lévis Rocks batting - Pitching for Warwick Hunchbacks : RHP Willie Cameron
Batting: RHB Jim Unknown 0-0: Foul Ball, location: 2F
0-1: SINGLE (Groundball, 6MD)
Batting: RHB Jim Unknown 0-0: Foul Ball, location: 2F
0-1: Ball
1-1: Ball
2-1: Ball
3-1: Called Strike
3-2: Grounds into double play, 5-4-3 (Groundball, 5)
Batting: LHB Edward Carlson 0-0: Ball
1-0: Ball
2-0: Ball
3-0: Base on Balls
Batting: RHB Raúl Valadez 0-0: Ball
1-0: Ground out 5-3 (Groundball, 56)
Bottom of the 5th over - 0 run(s), 1 hit(s), 0 error(s), 1 left on base; Warwick 5 - Lévis 0
TOP OF THE 6TH
Warwick Hunchbacks batting - Pitching for Lévis Rocks : LHP Michael Fields
Batting: LHB Ted Cracknell 0-0: Ground out U3 (Groundball, 3)
Batting: RHB Julián Rocha 0-0: Ball
1-0: Ball
2-0: Ball
3-0: Called Strike
3-1: Foul Ball, location: 2F
3-2: Base on Balls
Pitching: RHP Jim Unknown
Batting: RHB Octávio Castaneda 0-0: Ball
1-0: Ball
2-0: Foul Ball, location: 2F
2-1: Ball
3-1: Base on Balls
Julián Rocha to second
Batting: LHB Luis Robles 0-0: Ball
1-0: Foul Ball, location: 2F
1-1: Ball
2-1: Foul Ball, location: 2F
2-2: Ball
3-2: SINGLE (Groundball, 56D)
Julián Rocha to third
Octávio Castaneda to second
Batting: RHB Mike O'Brien 0-0: Called Strike
0-1: Ball
1-1: Called Strike
1-2: Foul Ball, location: 2F
1-2: Ball
2-2: Ball
3-2: SINGLE (Groundball, 6)
Julián Rocha scores
Octávio Castaneda to third
Luis Robles to second
Batting: RHB José Reyes 0-0: Ball
1-0: Called Strike
1-1: Called Strike
1-2: Foul Ball, location: 2F
1-2: Strikes out swinging
Batting: RHB Steve Brewer 0-0: Ball
1-0: Ball
2-0: Fly out, F8 (Flyball, 8LS)
Top of the 6th over - 1 run(s), 2 hit(s), 0 error(s), 3 left on base; Warwick 6 - Lévis 0
BOTTOM OF THE 6TH
Lévis Rocks batting - Pitching for Warwick Hunchbacks : RHP Willie Cameron
Batting: RHB Jim Unknown 0-0: Called Strike
0-1: Ball
1-1: Ball
2-1: Called Strike
2-2: Fly out, F7 (Flyball, 7LMF)
Batting: RHB Jim Unknown 0-0: Swinging Strike
0-1: SINGLE (Groundball, 6MD)
Batting: RHB Nectanebos Dolenian 0-0: Ball
1-0: Called Strike
1-1: Foul Ball, location: 2F
1-2: Ball
2-2: Strikes out looking
Batting: RHB Jimmy Allen 0-0: Ball
1-0: Ground out U3 (Groundball, 3)
Bottom of the 6th over - 0 run(s), 1 hit(s), 0 error(s), 1 left on base; Warwick 6 - Lévis 0
TOP OF THE 7TH
Warwick Hunchbacks batting - Pitching for Lévis Rocks : RHP Jim Unknown
Batting: SHB Gregg Wagner 0-0: Ball
1-0: Ball
2-0: Foul Ball, location: 2F
2-1: Called Strike
2-2: Foul Ball, location: 2F
2-2: SINGLE (Line Drive, 7LS)
Batting: RHB Jim Browning 0-0: Called Strike
0-1: Ball
1-1: Ball
2-1: Called Strike
2-2: Strikes out swinging
Batting: LHB Ted Cracknell 0-0: Called Strike
0-1: Ball
1-1: Ball
2-1: Called Strike
2-2: Fly out, F2 (Popup, 15S)
Batting: RHB Julián Rocha 0-0: Ball
1-0: Ball
2-0: DOUBLE (Line Drive, 3)
Gregg Wagner to third
Runner from 3rd tries for Home, SAFE, no throw or cutoff
Batting: RHB Octávio Castaneda 0-0: Ball
1-0: Ball
2-0: SINGLE (Groundball, 6MD)
Julián Rocha to third
Runner from 3rd tries for Home, SAFE, throw made home
Octávio Castaneda to second
Pitching: RHP Jim Unknown
Batting: LHB Luis Robles 0-0: Called Strike
0-1: Called Strike
0-2: Fly out, F7 (Flyball, 78M)
Top of the 7th over - 2 run(s), 3 hit(s), 0 error(s), 1 left on base; Warwick 8 - Lévis 0
BOTTOM OF THE 7TH
Lévis Rocks batting - Pitching for Warwick Hunchbacks : RHP Willie Cameron
Now at C: Edwin McClung
Now at 1B: Javier Pérez
Batting: RHB Jim Unknown 0-0: Ball
1-0: Ground out 6-3 (Groundball, 6)
Batting: RHB Jim Unknown 0-0: Ball
1-0: Ball
2-0: Ball
3-0: Called Strike
3-1: Base on Balls
Batting: RHB Jim Unknown 0-0: Called Strike
0-1: Ball
1-1: Swinging Strike
1-2: Ball
2-2: Ball
3-2: Strikes out swinging
Batting: LHB Edward Carlson 0-0: Foul Ball, location: 2F
0-1: Ball
1-1: Ball
2-1: Foul Ball, location: 2F
2-2: Ground out 4-3 (Groundball, 4)
Bottom of the 7th over - 0 run(s), 0 hit(s), 0 error(s), 1 left on base; Warwick 8 - Lévis 0
TOP OF THE 8TH
Warwick Hunchbacks batting - Pitching for Lévis Rocks : RHP Jim Unknown
Batting: RHB Mike O'Brien 0-0: Called Strike
0-1: Called Strike
0-2: Ball
1-2: Ball
2-2: Strikes out swinging
Batting: RHB Edwin McClung 0-0: Called Strike
0-1: Called Strike
0-2: Ball
1-2: Foul Ball, location: 2F
1-2: Ball
2-2: Ball
3-2: Foul Ball, location: 2F
3-2: Foul Ball, location: 2F
3-2: Strikes out looking
Batting: RHB Steve Brewer 0-0: Called Strike
0-1: Fly out, F9 (Flyball, 9S)
Top of the 8th over - 0 run(s), 0 hit(s), 0 error(s), 0 left on base; Warwick 8 - Lévis 0
BOTTOM OF THE 8TH
Lévis Rocks batting - Pitching for Warwick Hunchbacks : RHP Willie Cameron
Batting: RHB Raúl Valadez 0-0: Ball
1-0: Ball
2-0: Called Strike
2-1: Called Strike
2-2: Ball
3-2: Foul Ball, location: 2F
3-2: Base on Balls
Pitching: LHP Jim Unknown
Batting: RHB Jim Unknown 0-0: Called Strike
0-1: Swinging Strike
0-2: Ball
1-2: Foul Ball, location: 2F
1-2: Ball
2-2: Foul Ball, location: 2F
2-2: Strikes out swinging
Batting: RHB Jim Unknown 0-0: Called Strike
0-1: DOUBLE (Line Drive, 3)
Raúl Valadez to third
Batting: RHB Nectanebos Dolenian 0-0: Foul Ball, location: 2F
0-1: Ball
1-1: Fly out, F5 (Popup, 5SF)
Batting: RHB Jimmy Allen 0-0: SINGLE (Line Drive, 6MD)
Raúl Valadez scores
Jim Unknown to third
Runner from 3rd tries for Home, SAFE, no throw or cutoff
Batting: RHB Jim Unknown 0-0: Called Strike
0-1: Called Strike
0-2: Ball
1-2: Foul Ball, location: 2F
1-2: Strikes out looking
Bottom of the 8th over - 2 run(s), 2 hit(s), 0 error(s), 1 left on base; Warwick 8 - Lévis 2
TOP OF THE 9TH
Warwick Hunchbacks batting - Pitching for Lévis Rocks : RHP Jim Unknown
Pitching: RHP Jim Unknown
Batting: SHB Gregg Wagner 0-0: Swinging Strike
0-1: Ball
1-1: Foul Ball, location: 2F
1-2: Foul Ball, location: 2F
1-2: Ball
2-2: Strikes out swinging
Batting: RHB Jim Browning 0-0: Called Strike
0-1: Foul Ball, location: 2F
0-2: Ball
1-2: Foul Ball, location: 2F
1-2: Ball
2-2: Strikes out swinging
Batting: LHB Javier Pérez 0-0: Swinging Strike
0-1: Ball
1-1: SINGLE (Line Drive, 8LS)
Batting: RHB Julián Rocha 0-0: Called Strike
0-1: Called Strike
0-2: Ball
1-2: Ball
2-2: Ball
3-2: Strikes out swinging
Top of the 9th over - 0 run(s), 1 hit(s), 0 error(s), 1 left on base; Warwick 8 - Lévis 2
BOTTOM OF THE 9TH
Lévis Rocks batting - Pitching for Warwick Hunchbacks : LHP Jim Unknown
Batting: RHB Jim Unknown 0-0: Ball
1-0: Foul Ball, location: 2F
1-1: Ball
2-1: Foul Ball, location: 2F
2-2: DOUBLE (Flyball, 9LM)
Batting: RHB Jim Unknown 0-0: Ball
1-0: Fly out, F3 (Popup, 23F)
Batting: LHB Edward Carlson 0-0: Called Strike
0-1: Ball
1-1: SINGLE (Groundball, 34)
Jim Unknown to third
Batting: RHB Raúl Valadez 0-0: Fielders Choice at 2nd, 6-4 (Groundball, 56)
Jim Unknown scores
Pitching: RHP Jim Unknown
Batting: RHB Jim Unknown 0-0: Ball
1-0: Foul Ball, location: 2F
1-1: Called Strike
1-2: Strikes out swinging
Bottom of the 9th over - 1 run(s), 2 hit(s), 0 error(s), 1 left on base; Warwick 8 - Lévis 3
This league is powered by Out of the Park Baseball, the baseball management simulation game for PC, Mac and Linux
Monday, May 4th, 2015 - OOTP Baseball 15.6 Build 34